 Dungeon Crawl Stone Soup version 0.21.1-1-g345015fe64 (webtiles) character file.

68 Bergy the Sneak (level 4, -5/33 HPs)
             Began as a Demonspawn Assassin on July 21, 2018.
             Slain by an iron imp (7 damage)
             ... summoned by Natasha
             ... on level 2 of the Dungeon.
             The game lasted 00:08:50 (2587 turns).

Bergy the Sneak (Demonspawn Assassin)               Turns: 2587, Time: 00:08:50

Health: -5/33      AC:  7    Str: 12    XL:     4   Next: 1%
Magic:  4/4        EV: 11    Int: 13    God:
Gold:   69         SH:  0    Dex: 14    Spells: 3/3 levels left

rFire    + . .     SeeInvis .   a - +2 dagger
rCold    . . .     Gourm    .   (no shield)
rNeg     . . .     Faith    .   s - +0 leather armour
rPois    .         Spirit   .   (no helmet)
rElec    .         Reflect  .   d - +0 cloak
rCorr    .         Harm     .   (no gloves)
MR       .....                  (no boots)
Stlth    ++........             (no amulet)
HPRegen  0.11/turn              (no ring)
MPRegen  0.09/turn              (no ring)

@: no status effects
A: molten scales 2, fire resistance 1
a: no special abilities


You were on level 2 of the Dungeon.
You were hungry.

You visited 1 branch of the dungeon, and saw 2 of its levels.

You collected 69 gold pieces.

Inventory:

Hand Weapons
 a - a +2 dagger (weapon)
 b - a +0 blowgun
Missiles
 e - 8 poisoned needles
 f - 2 curare-tipped needles
Armour
 d - a +0 cloak (worn)
 s - a +0 leather armour (worn)
Jewellery
 h - an uncursed ring of flight {unknown}
 n - an uncursed ring of ice {unknown}
Scrolls
 i - a scroll of blinking {unknown}
 j - a scroll of enchant weapon {unknown}
 l - 3 scrolls of remove curse {unknown}
 m - a scroll of identify {unknown}
 t - a scroll of amnesia {unknown}
Potions
 c - a potion of lignification {unknown}
 k - a potion of flight {unknown}
 o - 2 potions of ambrosia {unknown}
 p - a potion of haste {unknown}
 q - a potion of magic {unknown}
 r - a potion of brilliance {unknown}
Comestibles
 g - 4 rations


   Skills:
 + Level 2.3 Fighting
 + Level 2.5 Short Blades
 - Level 1.7 Throwing
 + Level 1.4 Dodging
 + Level 4.4 Stealth


You had 3 spell levels left.
You didn't know any spells.

Dungeon Overview and Level Annotations

Branches:
Dungeon (2/15)

Altars:
Dithmenos
Elyvilon

Annotations:
D:2 Natasha


Innate Abilities, Weirdness & Mutations

You are mostly covered in molten scales. (AC +3)
Your flesh is heat resistant. (rF+)


Message History

Natasha is lightly wounded.
Natasha claws you but does no damage.
You hit Natasha.
Natasha is heavily wounded.
The iron imp hits you. Natasha claws you but does no damage.
You hit Natasha.
Natasha is heavily wounded.
The iron imp hits you but does no damage.
You closely miss Natasha.
Natasha is heavily wounded.
Natasha stares at you and mumbles some strange words.
The magic dart hits you!
You hit Natasha.
Natasha is almost dead.
Natasha misses you. The iron imp hits you!
* * * LOW HITPOINT WARNING * * *
You closely miss Natasha.
Natasha is almost dead.
Natasha closely misses you. The iron imp hits you!
You die...

#...[....#
#.......รท........#
##########
#.#...........##.#
####.#....>...##.##
#.......#.##..#
....
#.##.#..#.##..#
#...
#.##....#.....# ...
#.###...####... .
#.###...........
#...@5..#.. #.##
#####h###.. #...
#.....# ####
#.###.# #.. #># #.#
#.# #.###.# #.#
#.....# #g#
###h######## #b#
#.#....).## #.#


You could see an iron imp and Natasha.

Vanquished Creatures
  An adder (D:2)
  2 oozes
  A worm (D:2)
  A dart slug (D:1)
  2 leopard geckos (D:1)
  3 giant cockroaches
  5 goblins
  3 hobgoblins (D:1)
  2 jackals (D:1)
  A quokka (D:2)
  3 bats
  5 frilled lizards
  7 kobolds
  6 rats
42 creatures vanquished.

Notes
Turn   | Place    | Note
-------+----------+-------------------------------------------
     0 | D:1      | Bergy the Demonspawn Assassin began the quest for the Orb.
     0 | D:1      | Reached XP level 1. HP: 16/16 MP: 1/1
    35 | D:1      | Reached skill level 1 in Dodging
   315 | D:1      | Gained mutation: You are partially covered in molten scales. (AC +2) [demonic ancestry]
   315 | D:1      | Reached XP level 2. HP: 15/22 MP: 2/2
   438 | D:1      | Reached skill level 4 in Stealth
   737 | D:1      | Found a white marble altar of Elyvilon.
   971 | D:1      | Gained mutation: You are mostly covered in molten scales. (AC +3) [demonic ancestry]
   971 | D:1      | Reached XP level 3. HP: 27/27 MP: 3/3
  1790 | D:2      | Found a shadowy altar of Dithmenos.
  2163 | D:2      | Noticed Natasha
  2209 | D:2      | Gained mutation: Your flesh is heat resistant. (rF+) [demonic ancestry]
  2209 | D:2      | Reached XP level 4. HP: 9/33 MP: 4/4
  2587 | D:2      | Slain by an iron imp

Skill      XL: |  1  2 |
---------------+-------+-----
Dodging        | 1 |  1.4
Stealth        | 4 |  4.4
Short Blades   | 2 |  2.5
Fighting       | |  2.3
Throwing       | |  1.7

Action                   |  1- 3 |  4- 6 || total
-------------------------+-------+-------++-------
Melee: Dagger            |   170 |    12 ||   182
 Stab: Sleeping          |     6 |       ||     6
  Eat: Ration            |     1 |       ||     1
       Chunk             |     1 |       ||     1
Armor: Robe              |    30 |       ||    30
       Leather armour    |    58 |     6 ||    64
Dodge: Dodged            |   108 |     3 ||   111
